 Dungeon Crawl Stone Soup version 0.30-a0-600-gb7c8574cbb (webtiles) character file.

Game seed: 1763044347845396651

19529 M4edhros the Covert (level 12, -3/84 HPs)
             Began as an Octopode Artificer on Jan 7, 2023.
             Was the Champion of Cheibriados.
             Slain by an acid dragon (6 damage)
             ... on level 12 of the Dungeon.
             The game lasted 00:22:38 (9995 turns).

M4edhros the Covert (Octopode Artificer)            Turns: 9995, Time: 00:22:39

Health: -3/84      AC:  1    Str: 28    XL:     12   Next: 70%
Magic:  21/21      EV: 22    Int: 34    God:    Cheibriados [******]
Gold:   1385       SH: 12    Dex: 31    Spells: 4/11 levels left

rFire   . . .      SeeInvis .    G - +7 Throatcutter {drain, coup de grace}
rCold   + . .      Faith    .    M - +0 kite shield {rC+}
rNeg    + . .      Spirit   .    (helmet restricted)
rPois   .          Reflect  .    s - amulet of regeneration
rElec   .          Harm     .    y - ring of magical power
rCorr   +          Rampage  .    H - +4 ring of protection
Will    +....                    J - ring of Leaves {rN+ Will+ rCorr Int+6}
Stlth   +++++++                  (no ring)
HPRegen 1.14/turn                (no ring)
MPRegen 0.17/turn                (no ring)
                                 (no ring)
                                 (no ring)

@: mighty, corroded, very slow
A: almost no armour, amphibious, 8 rings, camouflage 1, gelatinous body 1,
(nimble swimmer 1), tentacles
a: Renounce Religion, Bend Time, Temporal Distortion, Slouch, Step From Time


You were on level 12 of the Dungeon.
You worshipped Cheibriados.
Cheibriados was exalted by your worship.
You visited 2 branches of the dungeon, and saw 13 of its levels.
You also visited: Ossuary, Bailey and Ice Cave.

You collected 1385 gold pieces.

Inventory:

Hand Weapons
 c - the +7 short sword of Yredelemnul's Envy {freeze, SInv Stlth+}
   (You took it off an orc wizard on level 8 of the Dungeon)

   SInv:      It lets you see invisible.
   Stlth:     It makes you more stealthy.
 j - a +1 dagger of venom
 G - the +7 Throatcutter (weapon) {drain, coup de grace}
   (You found it on level 9 of the Dungeon)

   It may instantly kill foes which have little health.
Missiles
 i - 22 curare-tipped darts (quivered)
 n - 57 poisoned darts
 r - 8 atropa-tipped darts
 L - 5 throwing nets
Armour
 M - a +0 kite shield of cold resistance (worn)
Jewellery
 q - a ring of ice
 s - an amulet of regeneration (around mantle)
 y - a ring of magical power (left tentacle)
 H - a +4 ring of protection (right tentacle)
 J - the ring of Leaves (on tentacle) {rN+ Will+ rCorr Int+6}
   (You found it on level 10 of the Dungeon)

   [ring of intelligence]

   Int:       It affects your intelligence (+6).
   rN:        It protects you from negative energy.
   rCorr:     It protects you from acid and corrosion.
   Will:      It increases your willpower.
Wands
 b - a wand of flame (28)
 d - a wand of iceblast (3)
Scrolls
 f - 2 scrolls of fear
 g - 9 scrolls of teleportation
 k - a scroll of silence
 l - 2 scrolls of enchant armour {unknown}
 m - a scroll of brand weapon
 p - 2 scrolls of poison
 t - a scroll of acquirement {unknown}
 v - a scroll of blinking {unknown}
 z - 3 scrolls of enchant weapon
 C - a scroll of summoning {unknown}
 D - 2 scrolls of amnesia {unknown}
 F - 2 scrolls of identify
 I - a scroll of vulnerability
 K - a scroll of fog {unknown}
Potions
 a - 2 potions of haste
 h - 2 potions of ambrosia
 o - a potion of cancellation
 u - 2 potions of brilliance
 w - 2 potions of mutation
 x - 2 potions of might
 A - a potion of invisibility {unknown}
 E - a potion of attraction {unknown}
 N - 2 potions of flight {unknown}
 O - 2 potions of resistance {unknown}


   Skills:
 - Level 8.7 Fighting
 - Level 7.6(8.6) Short Blades
 * Level 6.2(8.0) Long Blades
 + Level 9.5 Dodging
 + Level 12.7 Stealth
 * Level 3.3 Shields
 - Level 1.3 Unarmed Combat
 + Level 2.9 Conjurations
 * Level 3.2 Air Magic
 + Level 3.5 Poison Magic
 - Level 8.3 Evocations


You had 4 spell levels left.
You knew the following spells:

 Your Spells              Type           Power      Damage    Failure   Level
a - Mephitic Cloud        Conj/Pois/Air  21%        N/A       19%         3
b - Summon Lightning Spi  Summ/Air       10%        N/A       75%         4

Your spell library contained the following spells:

 Spells                   Type           Power      Damage    Failure   Level
 Magic Dart               Conj           76%        1d6       7%          1
 Shock                    Conj/Air       80%        1d8       7%          1
 Kiss of Death            Conj/Necr      36%        2d8       13%         1
 Momentum Strike          Conj/Tloc      18%        3d8       19%         2
 Swiftness                Air            21%        N/A       19%         3
 Slow                     Hex            0%         N/A       22%         1
 Blink                    Tloc           0%         N/A       34%         2
 Call Imp                 Summ           0%         N/A       34%         2
 Ensorcelled Hibernation  Hex/Ice        0%         N/A       34%         2
 Passwall                 Tmut/Erth      0%         N/A       34%         2
 Stone Arrow              Conj/Erth      18%        3d8       36%         3
 Airstrike                Air            10%        2d(2-18)  52%         4
 Confusing Touch          Hex            0%         N/A       56%         3
 Lesser Beckoning         Tloc           0%         N/A       56%         3
 Vampiric Draining        Necr           0%         2d6       56%         3
 Dispel Undead            Necr           0%         3d6       92%         4
 Lightning Bolt           Conj/Air       10%        1d23      88%         5
 Lehudib's Crystal Spear  Conj/Erth      4%         10d3      100%        8
 Animate Armour           Summ/Erth      Unusable   N/A       N/A         4

Dungeon Overview and Level Annotations

Branches:
Dungeon (12/15)            Temple (1/1) D:4            Lair (0/5) D:9
    Orc (0/2) D:10        Ossuary (visited)          Bailey (visited)
  IceCv (visited)

Altars:
Ashenzari
Cheibriados
Dithmenos
Elyvilon
Fedhas
Gozag
Hepliaklqana
Kikubaaqudgha
Makhleb
Nemelex Xobeh
Okawaru
Qazlal
Ru
Sif Muna
Trog
Uskayaw
Vehumet
Wu Jian
Xom
Yredelemnul
Zin
The Shining One

Annotations:
D:8 exclusion: oklob plant
D:12 Snorg


Innate Abilities, Weirdness & Mutations

You cannot wear most types of armour.
You are amphibious.
You can wear up to eight rings at the same time.
Your skin changes colour to match your surroundings (Stealth+).
Your rubbery body absorbs attacks. (AC +1, EV +1)
((You are camouflaged when in or above water. (Stealth+)))
You have tentacles for arms and can constrict up to eight enemies at once.


Message History

You slash Snorg! You drain Snorg.
Snorg is almost dead.
Snorg barely misses you. You block Snorg's attack. x2
The white ugly thing barely misses you. You block Snorg's attack.
Snorg misses you. x2; The white ugly thing pecks you.
The white ugly thing freezes you! You resist.
* * * LOW HITPOINT WARNING * * *
You feel much better. You block Snorg's attack. Snorg completely misses you.
Snorg barely misses you.
You block the white ugly thing's attack.
You closely miss Snorg.
Snorg is almost dead.
You block Snorg's attack. x2; Snorg claws you.
The acid dragon spits acid at you. You block the splash of acid.
Snorg bites you!
* * * LOW HITPOINT WARNING * * *
Snorg barely misses you. You block Snorg's attack.
The white ugly thing completely misses you.
You feel much better. You block Snorg's attack. Snorg misses you.
Snorg completely misses you. The acid dragon spits acid at you.
The splash of acid hits you! You resist. The acid corrodes you!
The white ugly thing misses you.
You completely miss Snorg.
Snorg is almost dead.
You block Snorg's attack. Snorg claws you! You block Snorg's attack.
The acid dragon barely misses you. The acid dragon misses you.
You block Snorg's attack. Snorg misses you. Snorg completely misses you.
The white ugly thing completely misses you.
You closely miss Snorg. You tentacle-slap Snorg!
Snorg is almost dead.
Snorg completely misses you. You block Snorg's attack. x2
The acid dragon misses you. The acid dragon barely misses you.
The white ugly thing pecks you!
* * * LOW HITPOINT WARNING * * *
The white ugly thing freezes you! You resist.
* * * LOW HITPOINT WARNING * * *
Snorg completely misses you. x2; You block Snorg's attack.
The acid dragon misses you. The acid dragon claws you.
You die...

*.....#,,,,,,,
####.....#,,,,,,, *******
#........#,,,**,, *,,,,,*
#........#,,,**** *,,,,,*
#.<......#,,,,,,, *,,,,,*
#........#,,,,,,,
******+#######........#,,,,,,,
*,,,,,......D....######,,,****
*,,,,,......u@...+,,,*********
*,,,,,......T....#,,,,,,,,,,,,
*,,,,,...........#,,,,,,,,,,,,
*,,,,,...........#,,,**,,,,,>,
******########+###*****,,,,,,,
*,,,,,,,,**,,,,***
*,,,,,,,,***+*****
*,,,,,,,,,,,,,,*,,
*,,,,,,,,,,,,,,*,,


You could see Snorg (berserk, drained), a white ugly thing and an acid dragon
(catching breath).

Vanquished Creatures
  Harold (D:11)
  3 two-headed ogres
  A centaur warrior (D:10)
  The ghost of Zigma the Summoner, a novice OpSu of Kikubaaqudgha (D:10)
  2 bog bodies (IceCv)
  An orc knight (Bailey)
  3 spectral centaurs (D:10)
  A cyclops (D:11)
  An ice statue (IceCv)
  Maggie (D:8)
  A kobold demonologist (D:9)
  A komodo dragon (D:11)
  An anaconda simulacrum (IceCv)
  An ice devil (IceCv)
  3 meliai (D:11)
  A meliai zombie (D:10)
  A shadow (D:10)
  A wyvern (D:6)
  Eustachio (D:6)
  2 wraiths
  3 dire elephant simulacra (IceCv)
  12 yaks
  A death yak simulacrum (IceCv)
  Menkaure (D:4)
  4 wargs (D:10)
  3 hydra simulacra (IceCv)
  2 water moccasins
  A meliai simulacrum (D:10)
  4 orc warriors
  Pargi (D:4)
  4 black bears
  An ice beast (D:8)
  2 ogres
  4 centaurs
  11 kobold brigands
  2 bullfrogs (D:9)
  2 cane toad simulacra (IceCv)
  4 gnoll sergeants
  3 scorpions
  5 two-headed ogre simulacra (IceCv)
  13 wights
  7 killer bees (D:9)
  An elephant simulacrum (IceCv)
  6 howler monkeys
  3 human zombies (Ossuary)
  8 orc priests
  A spectral boggart (D:10)
  4 hounds
  7 jellies
  4 centaur zombies (Ossuary)
  A gnoll bouda (D:7)
  Ijyb (D:3)
  Jessica (D:3)
  3 iguanas
  13 orc wizards
  7 spriggan simulacra (IceCv)
  2 polar bear simulacra (IceCv)
  6 troll simulacra (IceCv)
  3 wolf simulacra (IceCv)
  3 hound zombies (Ossuary)
  3 mummies (Ossuary)
  19 gnolls
  4 naga simulacra (IceCv)
  2 adders
  7 white imps
  5 ufetubi (IceCv)
  3 adder zombies (Ossuary)
  2 worms
  4 dart slugs
  33 orcs
  4 bats
  18 endoplasms
  2 giant cockroaches
  8 goblins
  5 hobgoblins
  8 jackals
  4 quokkas
  4 ball pythons
  2 frilled lizards (D:2)
  2 gnoll zombies (Ossuary)
  A goblin zombie (Ossuary)
  4 hobgoblin zombies (Ossuary)
  4 jackal zombies (Ossuary)
  23 kobolds
  A kobold zombie (Ossuary)
  3 orc zombies (Ossuary)
  3 quokka zombies (Ossuary)
  10 rats
  3 rat zombies (Ossuary)
383 creatures vanquished.

Vanquished Creatures (collateral kills)
  An orc warrior (Bailey)
  A kobold brigand (Bailey)
  A bullfrog (D:6)
  2 orc wizards
  5 gnolls
  2 orcs
  2 jackals (D:5)
  2 kobolds (Bailey)
16 creatures vanquished.

Vanquished Creatures (others)
  A centaur (D:8)
  2 kobold brigands (Bailey)
  A wight (D:7)
  52 fungi
  50 plants (D:9)
106 creatures vanquished.

Grand Total: 505 creatures vanquished

Notes
Turn   | Place    | Note
-------+----------+-------------------------------------------
     0 | D:1      | M4edhros the Octopode Artificer began the quest for the
                  | Orb.
     0 | D:1      | Reached XP level 1. HP: 13/13 MP: 1/1
    98 | D:2      | Reached XP level 2. HP: 18/18 MP: 2/2
   105 | D:2      | Reached skill level 1 in Unarmed Combat
   217 | D:3      | Reached skill level 2 in Stealth
   217 | D:3      | Reached XP level 3. HP: 16/23 MP: 3/3
   360 | D:4      | Found a sacrificial altar of Ru.
   509 | D:4      | Reached XP level 4. HP: 23/29 MP: 4/4
   538 | D:4      | Noticed a scorpion
   556 | D:4      | Reached skill level 1 in Short Blades
   566 | D:4      | Reached XP level 5. HP: 31/34 MP: 5/5
   603 | D:4      | Reached skill level 3 in Stealth
   640 | D:4      | Found a staircase to the Ecumenical Temple.
   657 | Temple   | Entered the Ecumenical Temple
   842 | D:3      | Noticed Jessica
   853 | D:3      | Killed Jessica
   924 | D:3      | Found a glowing silver altar of Zin.
  1199 | D:3      | Noticed Ijyb
  1214 | D:3      | Killed Ijyb
  2448 | D:1      | Reached XP level 6. HP: 36/41 MP: 6/6
  3005 | D:4      | Noticed Menkaure
  3012 | D:4      | Killed Menkaure
  3013 | D:4      | Reached skill level 4 in Stealth
  3074 | D:4      | Reached XP level 7. HP: 43/46 MP: 7/7
  3132 | D:4      | Noticed Pargi
  3149 | D:4      | Killed Pargi
  3150 | D:4      | Reached skill level 5 in Evocations
  3399 | D:5      | Entered Level 5 of the Dungeon
  3433 | D:5      | Reached skill level 5 in Stealth
  3690 | D:5      | Found a radiant altar of Vehumet.
  3860 | D:5      | Reached XP level 8. HP: 37/54 MP: 8/8
  4107 | D:6      | Noticed Eustachio
  4123 | D:6      | Killed Eustachio
  4124 | D:6      | Reached skill level 6 in Stealth
  4159 | D:6      | Reached skill level 5 in Dodging
  4543 | D:6      | Noticed a wyvern
  4549 | D:6      | Killed a wyvern
  4600 | D:6      | Found a snail-covered altar of Cheibriados.
  4638 | D:6      | Became a worshipper of Cheibriados the Contemplative
  4651 | D:6      | Found a broken altar of Ashenzari.
  4787 | D:7      | Found a flagged portal.
  4803 | Bailey   | Entered a bailey
  4830 | Bailey   | Reached skill level 7 in Stealth
  4830 | Bailey   | Reached XP level 9. HP: 24/60 MP: 9/9
  4896 | Bailey   | Identified the +0 pair of boots of Boiling Hail {rC+ Int+4}
  4953 | Bailey   | Reached skill level 5 in Fighting
  4981 | Bailey   | Noticed an orc knight
  5003 | Bailey   | Killed an orc knight
  5004 | Bailey   | Reached skill level 5 in Short Blades
  5025 | Bailey   | Found a bloodstained altar of Trog.
  5116 | D:7      | Reached skill level 8 in Stealth
  5137 | D:7      | Reached * piety under Cheibriados
  5169 | D:7      | Found a sand-covered staircase.
  5177 | Ossuary  | Entered an ossuary
  5281 | Ossuary  | Reached ** piety under Cheibriados
  5730 | D:7      | Reached XP level 10. HP: 57/68 MP: 10/10
  5750 | D:7      | Reached *** piety under Cheibriados
  6181 | D:8      | Noticed Maggie
  6188 | D:8      | Killed Maggie
  6189 | D:8      | Reached skill level 9 in Stealth
  6320 | D:8      | Noticed an oklob plant
  6387 | D:8      | Identified the +7 short sword of Yredelemnul's Envy
                  | {freeze, SInv Stlth+}
  6788 | D:8      | Reached **** piety under Cheibriados
  6820 | D:8      | Noticed a two-headed ogre
  6852 | D:8      | Killed a two-headed ogre
  7003 | D:9      | Found a staircase to the Lair.
  7053 | D:9      | Reached skill level 10 in Stealth
  7154 | D:9      | Found a hazy altar of Hepliaklqana.
  7197 | D:9      | Noticed a two-headed ogre
  7204 | D:9      | Killed a two-headed ogre
  7251 | D:9      | Reached XP level 11. HP: 75/75 MP: 11/11
  7271 | D:9      | Reached ***** piety under Cheibriados
  7484 | D:9      | Found a shimmering blue altar of Sif Muna.
  7484 | D:9      | Found a shadowy altar of Dithmenos.
  7502 | D:9      | Reached skill level 11 in Stealth
  7642 | D:9      | Found the +7 Throatcutter {drain, coup de grace}
  7801 | D:10     | Entered Level 10 of the Dungeon
  7872 | D:10     | Reached skill level 1 in Long Blades
  7892 | D:10     | Found a staircase to the Orcish Mines.
  7916 | D:10     | Noticed a centaur warrior
  7922 | D:10     | Killed a centaur warrior
  7967 | D:10     | Found a runed translucent gate.
  7967 | D:10     | Found a runed translucent gate.
  7967 | D:10     | Found a runed translucent gate.
  7973 | D:10     | Noticed Zigma's ghost (novice OpSu)
  8087 | D:10     | Found a glowing golden altar of the Shining One.
  8436 | D:10     | Found a white marble altar of Elyvilon.
  8673 | D:10     | Killed Zigma's ghost
  8674 | D:10     | Reached skill level 12 in Stealth
  8716 | D:10     | Identified the ring of Leaves {rN+ Will+ rCorr Int+6}
  8728 | D:10     | Learned a level 3 spell: Mephitic Cloud
  8773 | D:11     | Noticed a cyclops
  8776 | D:11     | Killed a cyclops
  8836 | D:11     | Noticed Harold
  8836 | D:11     | Noticed a two-headed ogre
  8836 | D:11     | Found a frozen archway.
  8846 | D:11     | Killed Harold
  8847 | D:11     | Reached skill level 1 in Conjurations
  8847 | D:11     | Reached skill level 1 in Air Magic
  8847 | D:11     | Reached skill level 1 in Poison Magic
  8853 | D:11     | Killed a two-headed ogre
  8854 | D:11     | Reached XP level 12. HP: 17/84 MP: 12/12
  8911 | IceCv    | Entered an ice cave
  9057 | IceCv    | Reached skill level 5 in Long Blades
  9281 | IceCv    | Reached skill level 1 in Shields
  9325 | IceCv    | HP: 2/84 [dire elephant simulacrum (11)]
  9551 | D:11     | Reached ****** piety under Cheibriados
  9712 | D:11     | Learned a level 4 spell: Summon Lightning Spire
  9977 | D:12     | Noticed Snorg
  9995 | D:12     | HP: 3/84 [white ugly thing (16)]
  9995 | D:12     | Slain by an acid dragon

Illustrated notes

Levels and vault maps discovered:
D:1:      grunt_arrival_lava_bath, layout_rooms
D:2:      layout_loops_cross
D:3:      layout_loops_corners, mainiacjoe_overflow_surrounded_room, uniq_ijyb,
          uniq_jessica
D:4:      layout_gridville, mainiacjoe_overflow_brackets,
          minmay_temple_entry_offerings, uniq_menkaure, uniq_pargi
D:5:      layout_basic, mainiacjoe_overflow_alcove_4
D:6:      layout_layer_cave, lemuel_doored_altar, kennysheep_mini, st_stairs_4,
          uniq_eustachio
D:7:      layout_basic, enter_bailey_2, nicolae_ossuary_entry_plus
D:8:      lemuel_slime, layout_basic, uniq_maggie
D:9:      layout_cave_pools, overflow_temple_1_default,
          gammafunk_temple_overflow_wave, due_lair_maze_entry_diamond,
          dilly_guarded_unrand_throatcut
D:10:     layout_small_grid, overflow_temple_1_default, marbit_many_paths,
          minmay_orc_entry_guard_dogs, gammafunk_ghost_necromancy,
          minmay_door_square
D:11:     layout_cave_pools, portal_ice_cave_entry_pillars_2,
          serial_bayou_pond_e, uniq_harold
D:12:     layout_gridville, gauntlet_entry_generic, lightli_wizard_tower,
          uniq_snorg
Temple:   nicolae_temple_x_marks_the_god

Skill      XL: |  1  2  3  4  5  6  7  8  9 10 11 12 |
---------------+-------------------------------------+-----
Unarmed Combat | 1 |  1.3
Stealth        | 2 3 4 5 7 8 10 12 | 12.7
Short Blades   | 1 2 3 4 5 7 |  7.6
Dodging        | 3 4 5 6 7 9 |  9.5
Fighting       | 2 3 4 6 7 8 |  8.7
Evocations     | 4 5 6 7 8 |  8.3
Long Blades    | 4 6 |  6.2
Conjurations   | 1 2 |  2.9
Air Magic      | 1 3 |  3.2
Poison Magic   | 1 3 |  3.5
Shields        | 3 |  3.3

Action                   |  1- 3 |  4- 6 |  7- 9 | 10-12 || total
-------------------------+-------+-------+-------+-------++-------
Melee: Unarmed           |    48 |       |       |       ||    48
       Tentacles         |     9 |    19 |    82 |    99 ||   209
       Constrict         |    12 |    28 |    61 |    66 ||   167
       Dagger            |     8 |   105 |   287 |    66 ||   466
       Punch             |       |     4 |     8 |    10 ||    22
       Short sword       |       |       |       |   170 ||   170
       Long sword        |       |       |       |   225 ||   225
Throw: Dart              |       |       |     5 |       ||     5
 Cast: Mephitic Cloud    |       |       |       |     1 ||     1
Invok: Slouch            |       |       |       |     3 ||     3
Evoke: Wand              |       |     5 |    18 |    11 ||    34
  Use: Potion            |       |       |     5 |    10 ||    15
       Scroll            |       |       |    14 |     6 ||    20
 Stab: Sleeping          |     8 |    17 |    19 |    41 ||    85
       Distracted        |       |       |     1 |     2 ||     3
       Confused          |       |       |       |     2 ||     2
Armor: Skin              |     4 |     3 |    14 |   182 ||   203
Dodge: Dodged            |    29 |    48 |   263 |   439 ||   779
Block: Kite shield       |       |       |       |   121 ||   121

Table legend: (Time is in decaauts)
 A = Elapsed time spent in this place.
 B = Non-inter-level travel time spent in this place.
 C = Inter-level travel time spent in this place.
 D = Time resting spent in this place.
 E = Time spent auto-exploring this place.
 F = Levels seen in this place.
 G = Mean time per level.
                   A        B        C        D        E       F      G
               +--------+--------+--------+--------+--------+-----+--------+
         Total |  12643 |  11971 |    672 |    209 |   8573 |  16 |  790.2 |
       Dungeon |  10946 |  10282 |    664 |    111 |   7974 |  12 |  912.2 |
        Temple |     73 |     65 |      8 |      0 |     55 |   1 |   73.0 |
       Ossuary |    364 |    364 |      0 |      0 |    180 |   1 |  364.0 |
        Bailey |    310 |    310 |      0 |      0 |    123 |   1 |  310.0 |
      Ice Cave |    948 |    948 |      0 |     98 |    240 |   1 |  948.0 |
               +--------+--------+--------+--------+--------+-----+--------+

Top non-repeatable levels by time:
    D:10: 1861 daAuts
     D:9: 1191 daAuts
     D:8: 1179 daAuts
     D:3: 1118 daAuts
     D:7: 1111 daAuts
   IceCv: 948 daAuts
    D:11: 885 daAuts
     D:6: 854 daAuts
     D:4: 795 daAuts
     D:2: 794 daAuts
     D:1: 606 daAuts
     D:5: 524 daAuts
 Ossuary: 364 daAuts
  Bailey: 310 daAuts
  Temple: 73 daAuts
